 Dungeon Crawl Stone Soup version 0.19.5 (webtiles) character file.

172 miragecloak the Distorting Demonspawn (level 5, -1/41 HPs)
             Began as a Demonspawn Abyssal Knight on Apr 21, 2017.
             Was a Believer of Lugonu.
             Killed by a spatial distortion (3 damage)
             ... on level 3 of the Dungeon.
             The game lasted 00:04:25 (4251 turns).

miragecloak the Distorting Demonspawn (DsAK)        Turns: 4251, Time: 00:04:26

Health: -1/41      AC:  4    Str: 13    XL:     5   Next: 27%
Magic:  8/8        EV: 11    Int: 13    God:    Lugonu [**....]
Gold:   81         SH:  4    Dex: 13    Spells: 0 memorised, 4 levels left

rFire  . . .     SeeInvis .     a - +1 mace
rCold  . . .     Gourm    .     b - +0 leather armour
rNeg   . . .     Faith    .     (no shield)
rPois  .         Spirit   .     (no helmet)
rElec  .         Reflect  .     (no cloak)
rCorr  .         Harm     .     j - +0 pair of gloves
MR     .....                    (no boots)
Stlth  +++.......               (no amulet)
                                (no ring)
                                l - ring of stealth

@: no status effects
A: large bone plates 1, nightstalker 1, powered by pain 1
a: Depart the Abyss, Bend Space, Renounce Religion


You were on level 3 of the Dungeon.
You worshipped Lugonu.
Lugonu was pleased with you.
You were hungry.

You visited 1 branch of the dungeon, and saw 3 of its levels.
You visited the Abyss 1 time.

You collected 81 gold pieces.

Inventory:

Hand Weapons
 a - a +1 mace (weapon)
Armour
 b - a +0 leather armour (worn)
 j - a +0 pair of gloves (worn)
Jewellery
 l - a ring of stealth (left hand)
 s - a cursed ring of teleportation {unknown}
 w - an uncursed amulet of magic regeneration {unknown}
Scrolls
 e - 2 scrolls of teleportation {unknown}
 f - 4 scrolls of identify {unknown}
 k - a scroll of enchant armour {unknown}
 p - a scroll of fog {unknown}
Potions
 d - a potion of agility {unknown}
 g - a potion of cancellation {unknown}
 h - a potion of degeneration {unknown}
 i - a potion of might {unknown}
 q - 2 potions of curing {unknown}
 r - 2 potions of ambrosia {unknown}
 v - a potion of cure mutation {unknown}
Comestibles
 c - a bread ration
 m - 2 beef jerkies
 n - 7 fruits
 t - a royal jelly
 u - a meat ration


   Skills:
 - Level 3.0 Fighting
 + Level 3.9 Maces & Flails
 - Level 1.7 Armour
 - Level 0.8 Dodging
 - Level 5.0 Invocations


You had 4 spell levels left.
You didn't know any spells.

Dungeon Overview and Level Annotations

Branches:
Dungeon (3/15)

Altars:
Fedhas


Innate Abilities, Weirdness & Mutations

You are partially covered in large bone plates. (SH +4)
You are slightly more attuned to the shadows.
You sometimes gain a little power by taking damage.


Message History

You miss the orc wizard.
The orc wizard is almost dead.
The orc wizard gestures wildly while chanting.
The orc wizard flickers and vanishes!
You hit something but do no damage. Something hits you but does no damage.
You closely miss something. You block something's attack.
You miss something. Something hits you. Something hits you but does no damage.
You hit something but do no damage. Something completely misses you.
You barely miss something. Something hits you.
* * * LOW HITPOINT WARNING * * *
You miss something. Something hits you.
* * * LOW HITPOINT WARNING * * *
You hit something but do no damage. Something hits you but does no damage.
You closely miss something. Something hits you.
* * * LOW HITPOINT WARNING * * *
Something hits you.
* * * LOW HITPOINT WARNING * * *
Okay, then.
Space bends around you!
You blink.
You die...

# #..# #o#####.# # .#
#..# #{o.....# #####.#
#..# #{#####.# ......##
#..# #ยง# #.#
.......####..# #.# #.#
......... ...# #.# #.#
.......###...# #.# #.#
.............# #.# #.#
.......###...###@#####.#
#.###..................#
#(###..###...###.#####.#
#.#..............# #.#
#.#....###.#.###.# #.#
#.#....# #.#.# #.# #.#
..#....###.#.# #.# #.#
#.#....#...#.# #.# .#
.......#.#.#.###.#####


There were no monsters in sight!

Vanquished Creatures
  An orc priest (D:2)
  3 adders
  5 oozes
  3 worms
  2 dart slugs (D:1)
  2 leopard geckos
  6 orcs
  A giant cockroach (D:2)
  5 goblins
  2 hobgoblins
  18 jackals
  A quokka (D:2)
  10 bats
  A frilled lizard (D:1)
  4 kobolds
  9 rats
73 creatures vanquished.

Notes
Turn   | Place    | Note
-------+----------+-------------------------------------------
     0 | Abyss:1  | miragecloak the Demonspawn Abyssal Knight began the quest for the Orb.
     0 | Abyss:1  | Reached XP level 1. HP: 18/18 MP: 2/2
     0 | D:1      | Escaped the Abyss
   258 | D:1      | Reached * piety under Lugonu
   285 | D:1      | Reached skill level 3 in Invocations
   285 | D:1      | Gained mutation: You are slightly more attuned to the shadows. [demonic ancestry]
   285 | D:1      | Reached XP level 2. HP: 24/24 MP: 2/4
  1043 | D:1      | Gained mutation: You sometimes gain a little power by taking damage. [demonic ancestry]
  1043 | D:1      | Reached XP level 3. HP: 29/29 MP: 5/5
  1487 | D:2      | Found a blossoming altar of Fedhas.
  1660 | D:2      | Reached skill level 4 in Invocations
  2277 | D:2      | Gained mutation: You are partially covered in large bone plates. (SH +4) [demonic ancestry]
  2277 | D:2      | Reached XP level 4. HP: 35/35 MP: 7/7
  2297 | D:2      | Reached ** piety under Lugonu
  3403 | D:3      | Reached XP level 5. HP: 39/41 MP: 8/8
  3425 | D:3      | Reached skill level 5 in Invocations
  4250 | D:3      | HP: 2/41 [something (1)]
  4251 | D:3      | Killed by a spatial distortion

Skill      XL: |  1  2  3  4  5 |
---------------+----------------+-----
Maces & Flails | 2 3 |  3.9
Invocations    | 3 4 5 |  5.0
Fighting       | |  3.0
Armour         | |  1.7
Dodging        | |  0.8

Action                   |  1- 3 |  4- 6 || total
-------------------------+-------+-------++-------
Melee: Mace              |   113 |   149 ||   262
Invok: Depart the Abyss  |     1 |       ||     1
 Stab: Sleeping          |     8 |     3 ||    11
       Distracted        |       |     1 ||     1
  Eat: Chunk             |     3 |     7 ||    10
Armor: Leather armour    |    39 |    44 ||    83
Dodge: Dodged            |    71 |    86 ||   157
Block: Other             |       |    24 ||    24
